 Dungeon Crawl Stone Soup version 0.23-a0-358-g98c7a59 (webtiles) character file.

1355 JeffiDaFish the Jinx (level 8, -9/36 HPs)
             Began as a Spriggan Enchanter on Oct 22, 2018.
             Was an Initiate of Dithmenos.
             Mangled by a seven-headed hydra (11 damage)
             ... on level 6 of the Dungeon on Oct 23, 2018.
             The game lasted 00:22:03 (6635 turns).

JeffiDaFish the Jinx (Spriggan Enchanter)           Turns: 6635, Time: 00:22:03

Health: -9/36      AC:  9    Str:  2    XL:     8   Next: 37%
Magic:  5/20       EV: 20    Int: 18    God:    Dithmenos [......]
Gold:   177        SH:  0    Dex: 17    Spells: 8/21 levels left

rFire    . . .     SeeInvis +   l - +2 dagger (protect)
rCold    . . .     Gourm    .   (shield restricted)
rNeg     . . .     Faith    .   b - +1 robe
rPois    .         Spirit   .   (helmet restricted)
rElec    .         Reflect  .   (no cloak)
rCorr    .         Harm     .   (gloves unavailable)
MR       +....                  (boots unavailable)
Stlth    ++++......             a - amulet of regeneration
HPRegen  0.52/turn              (no ring)
MPRegen  0.17/turn              (no ring)

@: protection aura, very quick
A: very small, unfitting armour, see invisible, deformed body, herbivore, speed
3, slow metabolism 2, weak 1, MP-powered wands
a: Renounce Religion


You were on level 6 of the Dungeon.
You worshipped Dithmenos.
Dithmenos was noncommittal.
You were near starving.

You visited 2 branches of the dungeon, and saw 7 of its levels.

You collected 267 gold pieces.
You spent 90 gold pieces at shops.

Inventory:

Hand Weapons
 l - a +2 dagger of protection (weapon)
Armour
 b - a +1 robe (worn)
Jewellery
 a - an amulet of regeneration (around neck)
 j - an uncursed ring of see invisible {unknown}
Wands
 h - a wand of iceblast (13)
Scrolls
 g - 4 scrolls of teleportation
 i - 2 scrolls of blinking
 k - 2 scrolls of identify
Potions
 c - 2 potions of cancellation
 e - 2 potions of curing
 f - a potion of haste
 m - 2 potions of berserk rage
 n - a potion of heal wounds
Comestibles
 d - 8 rations


   Skills:
 + Level 3.0 Short Blades
 - Level 5.0 Dodging
 + Level 7.9 Stealth
 * Level 7.4 Spellcasting
 * Level 8.0 Hexes
 + Level 0.5 Ice Magic
 + Level 0.6 Air Magic


You had 8 spell levels left.
You knew the following spells:

 Your Spells              Type           Power        Failure   Level  Hunger
a - Corona                Hex            #####..      1%          1    None
b - Ensorcelled Hibernat  Hex/Ice        ###...       2%          2    None
c - Confuse               Hex            #####...     1%          3    #......
d - Dazzling Spray        Conj/Hex       ###...       6%          3    #......
e - Airstrike             Air            #.........   63%         4    ###....

Your spell library contained the following spells:

 Spells                   Type           Power        Failure   Level  Hunger
 Tukima's Dance           Hex            #####...     1%          3    #......
 Shock                    Conj/Air       #...         9%          1    None
 Swiftness                Chrm/Air       #.......     14%         2    None
 Static Discharge         Conj/Air       #.......     26%         3    #......
 Lightning Bolt           Conj/Air       #.........   94%         5    #####..


Dungeon Overview and Level Annotations

Branches:
Dungeon (6/15)             Temple (1/1) D:4

Altars:
Ashenzari
Cheibriados
Dithmenos
Elyvilon
Fedhas
Gozag
Hepliaklqana
Kikubaaqudgha
Makhleb
Nemelex Xobeh
Okawaru
Qazlal
Ru
Sif Muna
Trog
Uskayaw
Vehumet
Wu Jian
Xom
Yredelemnul
Zin
The Shining One

Shops:
D:4 ?   D:6 (

Annotations:
D:5 2 transporters
D:6 1 runed door


Innate Abilities, Weirdness & Mutations

You are very small and have problems with some larger weapons.
You are too small for most types of armour.
You have supernaturally acute eyesight. (SInv)
You are a herbivore.
You cover ground extremely quickly.
You need to consume almost no food.
Armour fits poorly on your strangely shaped body.
You are weak. (Str -2)
You expend magic power (3 MP) to strengthen your wands.


Message History

Confirm with . or Enter, or press ? or * to list all spells.
Aiming: Confuse (safe; 1% risk of failure)
Press: ? - help, Shift-Dir - straight line, f/p - seven-headed hydra
Aim: a seven-headed hydra (chance to defeat MR: 28%)
The seven-headed hydra appears confused.
You completely miss the seven-headed hydra.
You hit the seven-headed hydra.
Your weapon exudes an aura of protection.
The seven-headed hydra is lightly wounded.
The seven-headed hydra bites you but does no damage.
The seven-headed hydra bites you. The seven-headed hydra bites you!
The seven-headed hydra completely misses you.
The seven-headed hydra misses you. The seven-headed hydra bites you!
* * * LOW HITPOINT WARNING * * *
The seven-headed hydra closely misses you.
You strike the helpless seven-headed hydra from behind!
You impale the seven-headed hydra!!
The seven-headed hydra is moderately wounded.
The seven-headed hydra misses you. The seven-headed hydra bites you!
You die...

#..........'.# ####.#..# #.#
###..........#.######.##.# #.#
∩##..........#.#....#.##.# #.#
.##..........#........##.###.#
.##..........###....####..##.#
.##..........# #....# ##.##.#
.##..........# #....# #.##.#
.............############..#.#
...####+##......@D...........#
...# #.##################.###
)..# #.# #..# ...####D# #≈≈≈
≈≈≈≈≈# ##D## ...'.##.# #≈≈≈≈
≈;≈≈≈≈# #..# ...#.##.# #≈≈≈≈≈
≈≈≈≈≈≈≈###.# .###.##.##≈≈≈≈≈≈
≈≈≈≈≈≈≈≈##.# .# #.##.#≈≈≈≈≈≈≈
≈≈≈≈D;≈≈≈#.# .###.##.#≈≈≈≈≈≈≈
≈≈≈≈;≈≈≈≈#÷#


You could see a seven-headed hydra (confused).

Vanquished Creatures
  Grinder (D:6)
  Edmund (D:6)
  2 ice beasts
  2 bullfrogs
  Blork the orc (D:6)
  2 scorpions
  A howler monkey (D:5)
  A crimson imp (D:5)
  An orc priest (D:4)
  A jelly (D:4)
  A centaur skeleton (D:4)
  A hound (D:6)
  3 orc wizards
  3 worker ants
  Robin (D:3)
  8 adders
  3 gnolls (D:5)
  3 oozes
  An adder skeleton (D:5)
  An adder zombie (D:6)
  2 worms
  2 dart slugs (D:2)
  A leopard gecko (D:5)
  11 orcs
  13 bats
  5 giant cockroaches
  11 hobgoblins
  9 jackals
  5 kobolds
  4 frilled lizards
  8 goblins
  A leopard gecko skeleton (D:4)
  A leopard gecko zombie (D:5)
  A quokka skeleton (D:5)
  7 rats
119 creatures vanquished.

Notes
Turn   | Place    | Note
-------+----------+-------------------------------------------
     0 | D:1      | JeffiDaFish the Spriggan Enchanter began the quest for the
                  | Orb.
     0 | D:1      | Reached XP level 1. HP: 9/9 MP: 5/5
   521 | D:1      | Reached XP level 2. HP: 13/13 MP: 7/7
   538 | D:1      | Learned a level 2 spell: Ensorcelled Hibernation
   699 | D:1      | Reached skill level 4 in Hexes
  1124 | D:1      | Reached XP level 3. HP: 11/16 MP: 1/8
  1275 | D:1      | Found a shimmering altar of Xom.
  1743 | D:2      | Found a basalt altar of Yredelemnul.
  1757 | D:2      | Reached skill level 5 in Stealth
  2315 | D:2      | Reached XP level 4. HP: 21/21 MP: 10/10
  2390 | D:2      | Found a blossoming altar of Fedhas.
  2836 | D:3      | Learned a level 3 spell: Confuse
  2840 | D:3      | Learned a level 3 spell: Dazzling Spray
  2908 | D:3      | Noticed Robin
  2972 | D:3      | Killed Robin
  3018 | D:3      | Found a shimmering altar of Xom.
  3026 | D:3      | Reached skill level 5 in Hexes
  3342 | D:4      | Gained mutation: Armour fits poorly on your strangely
                  | shaped body. [potion of mutation]
  3342 | D:4      | Gained mutation: You are weak. (Str -2) [potion of
                  | mutation]
  3342 | D:4      | Gained mutation: You expend magic power (3 MP) to
                  | strengthen your wands. [potion of mutation]
  3378 | D:4      | Reached XP level 5. HP: 24/24 MP: 7/12
  3618 | D:4      | Reached XP level 6. HP: 25/28 MP: 8/14
  3827 | D:4      | Reached skill level 5 in Spellcasting
  3858 | D:4      | Found Otietoq's Magic Scroll Boutique.
  3861 | D:4      | Bought a scroll of enchant armour for 90 gold pieces
  3875 | D:4      | Found a staircase to the Ecumenical Temple.
  4025 | D:5      | Entered Level 5 of the Dungeon
  4064 | D:5      | Found a transporter.
  4144 | D:5      | Noticed an ice beast
  4154 | D:5      | Found a sparkling altar of Nemelex Xobeh.
  4162 | D:5      | Killed an ice beast
  4162 | D:5      | Reached skill level 6 in Hexes
  4402 | D:5      | Reached skill level 5 in Dodging
  4402 | D:5      | Reached XP level 7. HP: 27/32 MP: 5/16
  4764 | D:5      | Learned a level 4 spell: Airstrike
  4861 | D:5      | Found a transporter.
  5244 | D:5      | Found an opulent altar of Gozag.
  5368 | Temple   | Entered the Ecumenical Temple
  5555 | Temple   | Became a worshipper of Dithmenos the Shadowed
  5592 | D:6      | Noticed Blork the orc
  5604 | D:6      | Killed Blork the orc
  5604 | D:6      | Reached skill level 7 in Hexes
  5738 | D:6      | Reached XP level 8. HP: 36/36 MP: 2/19
  5778 | D:6      | Found Utaodith's Antique Weapon Shop.
  5781 | D:6      | Noticed Edmund
  5790 | D:6      | Killed Edmund
  6075 | D:6      | Noticed a seven-headed hydra
  6404 | D:6      | Found a glowing golden altar of the Shining One.
  6404 | D:6      | Found a runed door.
  6404 | D:6      | Noticed an angel
  6448 | D:6      | Noticed Grinder
  6461 | D:6      | Killed Grinder
  6461 | D:6      | Reached skill level 8 in Hexes
  6635 | D:6      | Mangled by a seven-headed hydra

Vault maps used:
D:1:      minmay_arrival_semitransparent, corexii_hall_statues_i,
          kennysheep_pointless_box, xom_teletrap_fun
D:2:      lemuel_doored_altar, hangedman_decor_lopped, yredelemnul_altar_generic
D:3:      nicolae_overflow_crystal_walls, first_ration, uniq_robin
D:4:      minmay_temple_entry_from_below_a, serial_shops,
          nicolae_shop_behind_doors, mrwooster_statue_mirror
D:5:      gammafunk_steamed_eel, grunt_ministairs_9, hangedman_feature_mirror
D:6:      kennysheep_big_flooded_room, serial_shops, shop, lemuel_angel_altar,
          uniq_edmund, uniq_blork_the_orc, uniq_grinder
Temple:   regret_index_temple_mists

Skill      XL: |  1  2  3  4  5  6  7  8 |
---------------+-------------------------+-----
Spellcasting   | 3 4 5 6 7 |  7.4
Hexes          | 4 5 6 7 8 |  8.0
Stealth        | 5 6 7 |  7.9
Dodging        | 4 5 |  5.0
Short Blades   | 2 3 |  3.0
Ice Magic      | |  0.5
Air Magic      | |  0.6

Action                   |  1- 3 |  4- 6 |  7- 9 || total
-------------------------+-------+-------+-------++-------
Melee: Dagger            |   141 |   135 |    57 ||   333
 Cast: Corona            |    18 |     6 |       ||    24
       Ensorcelled Hiber |    23 |    37 |    36 ||    96
       Confuse           |       |     4 |    16 ||    20
       Dazzling Spray    |       |       |     1 ||     1
  Use: Scroll            |     6 |     5 |       ||    11
       Potion            |     2 |     7 |       ||     9
 Stab: Sleeping          |    25 |    30 |    23 ||    78
       Confused          |       |     3 |     8 ||    11
  Eat: Ration            |       |     1 |     1 ||     2
Armor: Robe              |    23 |    21 |     3 ||    47
Dodge: Dodged            |   175 |   135 |    40 ||   350

Table legend:
 A = Non-vault XP
 B = Vault XP
 C = Vault XP percentage of total XP
 D = Non-vault monster count
 E = Vault monster count
 F = Vault count percentage of total count
                 A         B        C        D         E       F
            +---------+---------+-------+---------+---------+-------
      Total |    1300 |     636 |  32.9 |     103 |      16 |  13.4
            +---------+---------+-------+---------+---------+-------
        D:1 |      46 |       0 |   0.0 |      27 |       0 |   0.0
        D:2 |      52 |       0 |   0.0 |      16 |       0 |   0.0
        D:3 |      58 |      31 |  34.8 |      14 |       9 |  39.1
        D:4 |     344 |       0 |   0.0 |      20 |       0 |   0.0
        D:5 |     523 |      41 |   7.3 |      18 |       3 |  14.3
        D:6 |     277 |     564 |  67.1 |       8 |       4 |  33.3
            +---------+---------+-------+---------+---------+-------
